 Dungeon Crawl Stone Soup version 0.28-a0-628-g3c9886e45e (webtiles) character file.

Game seed: 4732870675918673887

34 senseless the Skirmisher (level 3, 0/33 HPs)
             Began as a Draconian Fighter on Oct 8, 2021.
             Slain by an adder (2 damage)
             ... on level 2 of the Dungeon.
             The game lasted 00:03:26 (1335 turns).

senseless the Skirmisher (Draconian Fighter)        Turns: 1335, Time: 00:03:27

Health: 0/33       AC:  5    Str: 19    XL:     3   Next: 14%
Magic:  3/3        EV: 12    Int:  8    God:
Gold:   25         SH:  5    Dex: 13    Spells: 2/2 levels left

rFire   . . .      SeeInvis +   a - +0 long sword
rCold   . . .      Faith    .   b - +0 buckler
rNeg    . . .      Spirit   .   (armour unavailable)
rPois   .          Reflect  .   (helmet restricted)
rElec   .          Harm     .   (no cloak)
rCorr   .          Rampage  .   (no gloves)
Will    .....                   (no boots)
Stlth   +.........              e - amulet of Qiziesh Tuje {Acrobat Dex+3 SInv}
HPRegen 0.11/turn               (no ring)
MPRegen 0.08/turn               (no ring)

@: mighty, brilliant, flying
A: AC +5, unfitting armour, cold-blooded
a: no special abilities


You were on level 2 of the Dungeon.
You visited 1 branch of the dungeon, and saw 2 of its levels.

You collected 47 gold pieces.
You spent 22 gold pieces at shops.

Inventory:

Hand Weapons
 a - a +0 long sword (weapon)
Armour
 b - a +0 buckler (worn)
Jewellery
 e - the amulet of Qiziesh Tuje (around neck) {Acrobat Dex+3 SInv}
   (You acquired it on level 1 of the Dungeon)

   [amulet of the acrobat]

   It increases your evasion while moving and waiting.
   Dex:       It affects your dexterity (+3).
   SInv:      It lets you see invisible.
Scrolls
 d - a scroll of teleportation


   Skills:
 + Level 3.7 Fighting
 + Level 2.4 Long Blades
 + Level 3.0 Dodging
 + Level 3.3 Shields


You had 2 spell levels left.
You didn't know any spells.
Your spell library was empty.

Dungeon Overview and Level Annotations

Branches:
Dungeon (2/15)

Altars:

Shops:
D:1 :*


Innate Abilities, Weirdness & Mutations

Your plain brown scales are hard. (AC +5)
You cannot fit into any form of body armour.
You are cold-blooded and may be slowed by cold attacks.


Message History

You block the adder's attack. The adder barely misses you.
You barely miss the adder.
The adder is severely wounded.
The adder closely misses you.
You closely miss the adder.
The adder is severely wounded.
The adder closely misses you. The adder bites you.
* * * LOW HITPOINT WARNING * * *
You barely miss the adder.
The adder is severely wounded.
You block the adder's attack. The adder bites you but does no damage.
You miss the adder.
The adder is severely wounded.
The adder bites you but does no damage.
You miss the adder.
Your tail-slap misses the adder.
The adder is severely wounded.
The adder completely misses you. The adder closely misses you.
You closely miss the adder.
You tail-slap the adder, but do no damage.
The adder is severely wounded.
The adder bites you.
* * * LOW HITPOINT WARNING * * *
You are poisoned.
The adder poisons you! The adder barely misses you.
It was a potion of flight.
You feel very buoyant.
You fly up into the air.
You feel sick. The adder bites you but does no damage.
It was a potion of brilliance.
You feel clever all of a sudden.
You feel sick. The adder barely misses you.
You feel very mighty all of a sudden.
You feel sick. You block the adder's attack.
The adder bites you but does no damage.
You closely miss the adder.
The adder is heavily wounded.
* * * LOW HITPOINT WARNING * * *
You feel sick.
You are no longer poisoned.
The adder completely misses you. The adder bites you.
You die...

... .. #.# ... #># .#.#
#.# ######### ...# #.#
#........ ...#.#
#....≈≈ #.#.####..≈# #
#.....##@.# ≈#≈ .. ..
###S#..#S##≈≈≈≈ ..# #.
#J##..B≈≈# ...##.
#.###..#≈≈≈≈≈
#....####.#....##≈#≈≈#
##.........#....$#≈≈≈≈≈
.# ###.†..........# #≈≈
.# #............. #≈#
.#######.....##..... ..


You could see an adder and a giant cockroach.

Vanquished Creatures
  A worm (D:2)
  A dart slug (D:2)
  3 endoplasms (D:1)
  A giant cockroach (D:1)
  3 goblins
  A hobgoblin (D:1)
  6 kobolds
  2 quokkas (D:1)
  3 ball pythons
  A frilled lizard (D:1)
  4 rats
26 creatures vanquished.

Notes
Turn   | Place    | Note
-------+----------+-------------------------------------------
     0 | D:1      | senseless the Draconian Fighter began the quest for the
                  | Orb.
     0 | D:1      | Reached XP level 1. HP: 19/19 MP: 1/1
    50 | D:1      | Found Fuol's Book Shop.
   362 | D:1      | Reached XP level 2. HP: 26/26 MP: 2/2
   612 | D:1      | Found Wuxetys's Assorted Antiques.
   616 | D:1      | Bought a scroll labelled MIMNUG VOOCITI for 22 gold pieces
   945 | D:1      | Identified a scroll of acquirement
   945 | D:1      | Acquired the amulet of Qiziesh Tuje {Acrobat Dex+3 SInv}
  1275 | D:2      | Reached XP level 3. HP: 31/33 MP: 3/3
  1335 | D:2      | Slain by an adder

Illustrated notes

Levels and vault maps discovered:
D:1:      dpeg_arrival_radiant, layout_loops_corners, serial_shops, shop,
          shop_fountains
D:2:      layout_rooms, dreamdust_ecumenical_altar_angels_and_demons,
          minivault_4

Skill      XL: |  1  2 |
---------------+-------+-----
Dodging        | 3 |  3.0
Fighting       | |  3.7
Long Blades    | |  2.4
Shields        | |  3.3

Action                   || total
-------------------------++-------
Melee: Long sword        ||    72
       Tailslap          ||     5
  Use: Scroll            ||     6
       Potion            ||     3
 Stab: Sleeping          ||     1
Armor: Skin              ||    27
Dodge: Dodged            ||    39
Block: Buckler           ||    11

Table legend: (Time is in decaauts)
 A = Elapsed time spent in this place.
 B = Non-inter-level travel time spent in this place.
 C = Inter-level travel time spent in this place.
 D = Time resting spent in this place.
 E = Time spent auto-exploring this place.
 F = Levels seen in this place.
 G = Mean time per level.
                   A        B        C        D        E       F      G
               +--------+--------+--------+--------+--------+-----+--------+
         Total |   1357 |   1311 |     46 |      0 |   1098 |   2 |  678.5 |
       Dungeon |   1357 |   1311 |     46 |      0 |   1098 |   2 |  678.5 |
               +--------+--------+--------+--------+--------+-----+--------+

Top non-repeatable levels by time:
     D:1: 1211 daAuts
     D:2: 146 daAuts
